 Dungeon Crawl Stone Soup version 0.28-a0-464-g0687ed57fd (webtiles) character file.

Game seed: 8638673743748775416

442 Aggronaut the Cleaver (level 6, 0/76 HPs)
             Began as a Minotaur Berserker on Sept 14, 2021.
             Was an Elder of Trog.
             Slain by an ufetubus (3 damage)
             ... summoned by Eustachio
             ... on level 4 of the Dungeon.
             The game lasted 00:08:56 (3783 turns).

Aggronaut the Cleaver (Minotaur Berserker)          Turns: 3783, Time: 00:08:56

Health: 0/76       AC: 23    Str: 22    XL:     6   Next: 71%
Magic:  5/5        EV:  2    Int:  4    God:    Trog [****..]
Gold:   146        SH:  0    Dex: 11    Spells: 5/5 levels left

rFire   . . .      SeeInvis .   q - +0 battleaxe
rCold   . . .      Faith    .   (shield currently unavailable)
rNeg    + + +      Spirit   .   (armour currently unavailable)
rPois   +          Reflect  .   (helmet currently unavailable)
rElec   .          Harm     .   (cloak currently unavailable)
rCorr   .          Rampage  .   (gloves currently unavailable)
Will    .....      NoTele   +   (boots currently unavailable)
Stlth   +.........              (no amulet)
HPRegen 0.22/turn               (no ring)
MPRegen 0.09/turn               (no ring)

@: tree-form, on berserk cooldown, slowed, very slow
A: stationary, stasis, torment immunity, boosted hp, (horns 2), (retaliatory
headbutt)
a: Renounce Religion, Berserk, Trog's Hand, Brothers in Arms


You were on level 4 of the Dungeon.
You worshipped Trog.
Trog was greatly pleased with you.
You were a tree.
You visited 1 branch of the dungeon, and saw 4 of its levels.
You also visited: Sewer.

You collected 146 gold pieces.

Inventory:

Hand Weapons
 a - a +0 hand axe
 q - a +0 battleaxe (weapon)
Armour
 f - a +0 ring mail (melded)
Jewellery
 b - an amulet of magic regeneration
 k - a ring of fire
Wands
 h - a wand of flame (5)
Scrolls
 c - a scroll of silence {unknown}
 e - 2 scrolls of noise {unknown}
 g - a scroll of identify
 i - a scroll of fear {unknown}
 n - a scroll of vulnerability {unknown}
 o - 2 scrolls of amnesia {unknown}
 p - 2 scrolls of teleportation {unknown}
Potions
 d - a potion of resistance
 m - a potion of flight


   Skills:
 - Level 3.6 Fighting
 + Level 9.2 Axes
 - Level 2.4 Armour
 - Level 2.1 Dodging


You had 5 spell levels left.
You didn't know any spells.
Your spell library contained the following spells:

 Spells                   Type           Power      Damage    Failure   Level
 Ensorcelled Hibernation  Hex/Ice        0%         N/A       65%         2
 Ozocubu's Armour         Ice            0%         N/A       86%         3
 Spider Form              Tmut/Pois      0%         N/A       86%         3
 Ozocubu's Refrigeration  Ice            0%         4d5       100%        7


Dungeon Overview and Level Annotations

Branches:
Dungeon (4/15)              Sewer (visited)
 Temple: D:4-7

Altars:

Annotations:
D:4 Eustachio


Innate Abilities, Weirdness & Mutations

You are a tree.
Your roots penetrate the ground, keeping you stationary.
You cannot be teleported.
You are immune to unholy pain and torment.
Your maximum health is greatly increased.
Your equipment is partially melded.
((You have a pair of horns on your head.))
((You reflexively headbutt those who attack you in melee.))


Message History

Eustachio hits you with a +0 rapier!
* * * LOW HITPOINT WARNING * * *
Eustachio is nearby!
You hit Eustachio but do no damage.
Eustachio is heavily wounded.
Eustachio completely misses you.
Eustachio mumbles some strange words.
You barely miss Eustachio.
Eustachio is heavily wounded.
You hit the shadow imp. Eustachio hits you but does no damage.
The shadow imp hits you but does no damage.
You closely miss Eustachio.
Eustachio is heavily wounded.
You hit the shadow imp.
Eustachio mumbles some strange words.
The shadow imp hits you but does no damage.
Eustachio hits you with a +0 rapier.
* * * LOW HITPOINT WARNING * * *
The shadow imp hits you but does no damage.
It was a potion of curing.
You feel better. Eustachio hits you with a +0 rapier.
* * * LOW HITPOINT WARNING * * *
The shadow imp hits you but does no damage.
Eustachio hits you with a +0 rapier!
* * * LOW HITPOINT WARNING * * *
The shadow imp hits you but does no damage.
Okay, then.
You hit Eustachio.
Eustachio is severely wounded.
You hit the shadow imp.
Eustachio gestures wildly while chanting.
Eustachio blinks!
The shadow imp hits you but does no damage.
Eustachio casts a spell.
Eustachio blinks!
The shadow imp hits you but does no damage.
You fail to use your ability.
The ufetubus hits you but does no damage. x3
The ufetubus hits you.
You die...

..#......#.. ...........
..........# #.......##
....## #..†...####....#
#..#....##.... #
##........#... ##
..#.###..##.###.... .#.
..........♣5####.[# ##...
.........##5..###.####.....
.....##........†.........#
..... ##...5.#######...###
.....###...÷.#≈≈≈≈≈#...#
.......###.#÷'≈≈.≈≈#...##
... #.......#≈≈≈≈≈#....##
##......#######.....#
#...................##


You could see a white imp (summoned), a shadow imp (summoned) and an ufetubus
(summoned).

Vanquished Creatures
  A bullfrog (Sewer)
  A howler monkey (D:4)
  Jessica (D:2)
  Natasha (thrice) (D:2)
  8 adders
  A shadow imp (D:3)
  An ufetubus (D:4)
  An adder skeleton (D:4)
  A dart slug (D:3)
  An orc (D:3)
  15 endoplasms
  12 giant cockroaches
  11 goblins
  10 hobgoblins
  3 jackals
  5 kobolds
  22 quokkas
  18 ball pythons
  7 bats
  11 frilled lizards
  8 rats
141 creatures vanquished.

Vanquished Creatures (others)
  A fungus (D:2)
1 creature vanquished.

Grand Total: 142 creatures vanquished

Notes
Turn   | Place    | Note
-------+----------+-------------------------------------------
     0 | D:1      | Aggronaut the Minotaur Berserker began the quest for the
                  | Orb.
     0 | D:1      | Reached XP level 1. HP: 19/19 MP: 0/0
   283 | D:1      | Reached skill level 4 in Axes
   374 | D:1      | Reached XP level 2. HP: 26/26 MP: 1/1
   799 | D:1      | Reached skill level 5 in Axes
   938 | D:1      | Reached XP level 3. HP: 31/31 MP: 2/2
  1186 | D:2      | Noticed Natasha
  1195 | D:2      | Killed Natasha
  1254 | D:2      | Reached ** piety under Trog
  1319 | D:2      | Reached XP level 4. HP: 31/39 MP: 3/3
  1320 | D:2      | Reached skill level 6 in Axes
  1563 | D:2      | Noticed Jessica
  1568 | D:2      | Killed Jessica
  1776 | D:2      | Found a faded altar of an unknown god.
  1879 | D:2      | Noticed Natasha
  1887 | D:2      | Killed Natasha
  1973 | D:2      | Noticed Natasha
  1976 | D:2      | Killed Natasha
  1977 | D:2      | Reached skill level 7 in Axes
  1977 | D:2      | Reached XP level 5. HP: 41/45 MP: 4/4
  2860 | D:3      | Reached *** piety under Trog
  2929 | D:4      | Found a glowing drain.
  2965 | D:4      | Noticed Eustachio
  2967 | D:4      | Reached skill level 8 in Axes
  2994 | Sewer    | Entered a sewer
  3198 | Sewer    | Reached XP level 6. HP: 50/51 MP: 5/5
  3366 | Sewer    | Reached **** piety under Trog
  3676 | Sewer    | Reached skill level 9 in Axes
  3780 | D:4      | HP: 2/76 [Eustachio (4)]
  3783 | D:4      | Slain by an ufetubus

Illustrated notes

Levels and vault maps discovered:
D:1:      kilobyte_arrival_exit_the_forest, layout_loops_ring,
          minmay_misc_feat_hallway, feat_on_display
D:2:      layout_loops_ring, shapermc_ecumenical_altar_ellora, uniq_natasha,
          uniq_jessica
D:3:      minmay_chambers_of_twos, layout_basic
D:4:      black_bear_nest_1, layout_cave_pools, serial_shops,
          nicolae_shop_statue_plus, gup_sewer_entry_glass, uniq_eustachio

Skill      XL: |  1  2  3  4  5  6 |
---------------+-------------------+-----
Axes           | 4 5 7 8 9 |  9.2
Fighting       | |  3.6
Armour         | |  2.4
Dodging        | |  2.1

Action                   |  1- 3 |  4- 6 || total
-------------------------+-------+-------++-------
Melee: Hand axe          |    71 |   173 ||   244
       Headbutt          |     3 |    32 ||    35
       Battleaxe         |       |    39 ||    39
Invok: Berserk           |       |     3 ||     3
       Trog's Hand       |       |     2 ||     2
Evoke: Wand              |       |     2 ||     2
  Use: Scroll            |       |     2 ||     2
       Potion            |       |     3 ||     3
Armor: Ring mail         |    25 |    69 ||    94
       Animal skin       |     1 |       ||     1
       Skin              |       |    27 ||    27
Dodge: Dodged            |    58 |   156 ||   214

Table legend: (Time is in decaauts)
 A = Elapsed time spent in this place.
 B = Non-inter-level travel time spent in this place.
 C = Inter-level travel time spent in this place.
 D = Time resting spent in this place.
 E = Time spent auto-exploring this place.
 F = Levels seen in this place.
 G = Mean time per level.
                   A        B        C        D        E       F      G
               +--------+--------+--------+--------+--------+-----+--------+
         Total |   3887 |   3801 |     86 |    406 |   2426 |   5 |  777.4 |
       Dungeon |   3121 |   3035 |     86 |    187 |   2216 |   4 |  780.2 |
         Sewer |    766 |    766 |      0 |    219 |    210 |   1 |  766.0 |
               +--------+--------+--------+--------+--------+-----+--------+

Top non-repeatable levels by time:
     D:1: 1178 daAuts
     D:2: 995 daAuts
   Sewer: 766 daAuts
     D:3: 763 daAuts
     D:4: 184 daAuts
